 Dungeon Crawl Stone Soup version 0.31-a0-1591-g515db51633 (webtiles) character file.

Game seed: 6770844593958917291

942 Ofeo the Sneak (level 7, -1/60 HPs)
             Began as a Black Draconian Brigand on Jan 7, 2024.
             Was a Believer of Wu Jian.
             Slain by a water moccasin (4 damage)
             ... on level 5 of the Dungeon.
             The game lasted 00:05:20 (6208 turns).

Ofeo the Sneak (Black Draconian Brigand)            Turns: 6208, Time: 00:05:21

Health: -1/60      AC:  8    Str: 13    XL:     7   Next: 88%
Magic:  7/7        EV: 13    Int: 11    God:    Wu Jian [**....]
Gold:   183        SH:  5    Dex: 15    Spells: 6/6 levels left

rFire   . . .        f - +0 long sword
rCold   . . .        (no shield)
rNeg    . . .        (body armour unavailable)
rPois   .            (helmet restricted)
rElec   +            b - +0 cloak
rCorr   .            j - +0 pair of gloves
SInv    .            (no boots)
Will    .....        h - amulet of reflection
Stlth   +++          (no ring)
HPRegen 0.30/turn    (no ring)
MPRegen 0.10/turn

%: reflection
@: mighty, lethally poisoned (-1 -> -16), short of breath
A: breathe lightning, AC +6, unfitting armour, electricity resistance,
cold-blooded
a: Breathe Lightning, Renounce Religion, Wall Jump


You were on level 5 of the Dungeon.
You worshipped Wu Jian.
Wu Jian was pleased with you.
You visited 1 branch of the dungeon, and saw 6 of its levels.

You collected 183 gold pieces.

Inventory:

Hand Weapons
 a - a +2 dagger
 f - a +0 long sword (weapon)
Missiles
 c - 17 poisoned darts (quivered)
 d - 3 curare-tipped darts
Armour
 b - a +0 cloak (worn)
 j - a +0 pair of gloves (worn)
Jewellery
 h - an amulet of reflection (around neck)
Wands
 k - a wand of acid (8) {@v2}
Scrolls
 g - a scroll of poison
 i - 8 scrolls of identify {@r1}
 o - 2 scrolls of fear
 r - a scroll of vulnerability {unknown}
 s - 2 scrolls of enchant armour {unknown}
 t - a scroll of teleportation {@r3}
Potions
 e - a potion of berserk rage {unknown}
 l - a potion of attraction {unknown}
 n - a potion of lignification {unknown}
 p - a potion of magic {unknown}
 q - 2 potions of curing {@q1}
 u - 2 potions of degeneration {unknown}
 v - 2 potions of enlightenment {unknown}


   Skills:
 + Level 4.9 Fighting
 - Level 2.5(3.4) Short Blades
 + Level 3.5(3.9) Long Blades
 - Level 3.9 Throwing
 + Level 3.6 Dodging
 + Level 5.4 Stealth


You had 6 spell levels left.
You didn't know any spells.
Your spell library contained the following spells:

 Spells                   Type           Power      Damage    Failure   Level
 Summon Ice Beast         Ice/Summ       0%         N/A       71%         3
 Summon Mana Viper        Hex/Summ       0%         N/A       100%        5
 Monstrous Menagerie      Summ           0%         N/A       100%        7


Dungeon Overview and Level Annotations

Branches:
Dungeon (6/15)             Temple (0/1) D:4

Altars:
Ashenzari
Trog
Wu Jian

Shops:
D:4 [


Innate Abilities, Weirdness & Mutations

You can breathe wild blasts of lightning.
Your glossy black scales are hard. (AC +6)
You cannot fit into any form of body armour.
You are resistant to electric shocks. (rElec)
You are cold-blooded and may be slowed by cold attacks.


Message History

There is a stone staircase leading down here.
You take 17 damage, and have 23/60 hp.
MASSIVE DAMAGE!!
You feel very mighty all of a sudden.
You feel very sick. The water moccasin closely misses you.
You take 4 damage, and have 19/60 hp.
You spin and attack the water moccasin.
You miss the water moccasin. You tail-slap the water moccasin!
The water moccasin is heavily wounded.
You feel very sick.
The water moccasin bites you but does no damage. x2
You take 2 damage, and have 17/60 hp.
You spin and attack the water moccasin.
You hit the water moccasin.
Your tail-slap misses the water moccasin.
The water moccasin is severely wounded.
You feel sick. The water moccasin bites you.
* * * LOW HITPOINT WARNING * * *
You are lethally poisoned!
The water moccasin poisons you!
You take 7 damage, and have 10/60 hp.
You feel better. The water moccasin bites you.
* * * LOW HITPOINT WARNING * * *
You are poisoned.
The water moccasin poisons you! The water moccasin barely misses you.
You regained 4 hp, and now have 14/60 hp.
You hit the water moccasin.
The water moccasin is almost dead.
* * * LOW HITPOINT WARNING * * *
You feel very sick. The water moccasin bites you.
* * * LOW HITPOINT WARNING * * *
You take 8 damage, and have 6/60 hp.
You closely miss the water moccasin.
The water moccasin is almost dead.
* * * LOW HITPOINT WARNING * * *
You feel sick. The water moccasin bites you.
* * * LOW HITPOINT WARNING * * *
You are more poisoned.
The water moccasin poisons you! The water moccasin bites you.
You die...

#.###'#.# #.# #.
#.##....# #####.# #.
#.##....# #...#.# #.
#.##....# ####...#.# #.
#.##....# #..'.....# #.
#...#'#.######.##.....#
#.
###.#.#........###....#
##. #.#.############.#.##
#..
#.#.#...@........#.####..
#.#.#.##.S...............
#.#.#'##>................
#.#....###############...
#.#....# #... #.#....#
####### ###. #.#....#
#.....# #. #.#....#
#.....# ##. #.#....#
#.....# ####..


You could see a water moccasin.

Vanquished Creatures
  A centaur (D:5)
  A bullfrog (D:6)
  2 scorpions
  6 killer bees (D:5)
  2 bombardier beetles (D:5)
  2 hounds
  2 iguanas
  3 orc wizards
  4 gnolls
  2 white imps (D:5)
  4 ribbon worms
  17 orcs
  8 ball pythons
  5 bats
  6 endoplasms
  5 giant cockroaches
  3 goblins
  5 hobgoblins
  9 jackals
  5 quokkas
  2 frilled lizards
  7 kobolds
  2 rats
103 creatures vanquished.

Vanquished Creatures (others)
  An arcanist (D:3)
1 creature vanquished.

Grand Total: 104 creatures vanquished

Notes
Turn   | Place    | Note
-------+----------+-------------------------------------------
     0 | D:1      | Ofeo the Draconian Brigand began the quest for the Orb.
     0 | D:1      | Reached XP level 1. HP: 17/17 MP: 1/1
    50 | D:1      | Reached skill level 1 in Dodging
   103 | D:1      | Reached XP level 2. HP: 25/25 MP: 2/2
   764 | D:2      | Reached XP level 3. HP: 30/30 MP: 3/3
   892 | D:2      | Found an ornate altar of the Wu Jian Council.
  1973 | D:2      | Became a worshipper of the Wu Jian Council
  2155 | D:3      | Reached skill level 4 in Stealth
  2327 | D:3      | Found a faded altar of an unknown god.
  2407 | D:3      | Reached XP level 4. HP: 36/38 MP: 4/4
  2812 | D:3      | Found a bloodstained altar of Trog.
  2816 | D:3      | Noticed a wizard
  2820 | D:3      | Killed a wizard
  3004 | D:3      | Reached skill level 1 in Long Blades
  3011 | D:3      | Reached XP level 5. HP: 21/45 MP: 5/5
  3118 | D:4      | Reached * piety under Wu Jian
  3192 | D:4      | Found Otwodoitt's Armour Boutique.
  3354 | D:4      | Reached XP level 6. HP: 51/51 MP: 6/6
  3483 | D:4      | You fall into a shaft and drop 2 floors!
  3490 | D:5      | Entered Level 5 of the Dungeon
  3964 | D:5      | Your scales start taking on a glossy black colour.
  3964 | D:5      | Reached XP level 7. HP: 53/59 MP: 7/7
  3964 | D:5      | Gained mutation: You are resistant to electric shocks.
                  | (rElec) [Black Draconian growth]
  4137 | D:5      | Reached skill level 5 in Stealth
  4590 | D:5      | Reached ** piety under Wu Jian
  5368 | D:4      | Found a broken altar of Ashenzari.
  5920 | D:4      | Found a staircase to the Ecumenical Temple.
  6208 | D:5      | HP: 3/60 [water moccasin (1)]
  6208 | D:5      | Slain by a water moccasin

Illustrated notes

Levels and vault maps discovered:
D:1:      wheals_arrival_shading, layout_rooms, hex_intersection
D:2:      layout_basic, basic_altar
D:3:      layout_loops_cross, trog_wizard, hellmonk_ecumenical_altar_lost_god
D:4:      layout_loops_cross, mainiacjoe_overflow_boulevard, temple_hall,
          serial_shops, nicolae_shop_rolling_square
D:5:      layout_basic, chequers_serial_rivers_room_a
D:6:      layout_cave_pools, minmay_misc_feat_roman

Skill      XL: |  1  2  3  4  5  6  7 |
---------------+----------------------+-----
Dodging        | 1 2 3 |  3.6
Throwing       | 2 3 |  3.9
Stealth        | 4 5 |  5.4
Fighting       | 3 4 |  4.9
Long Blades    | 1 2 3 |  3.5
Short Blades   | |  2.5

Action                     |  1- 3 |  4- 6 |  7- 9 || total
---------------------------+-------+-------+-------++-------
  Melee: Dagger            |     9 |       |       ||     9
         Long sword        |    95 |   134 |    50 ||   279
         Tailslap          |    11 |    16 |     5 ||    32
         Punch             |     2 |       |       ||     2
  Throw: Dart              |     1 |    13 |       ||    14
Ability: Lunge             |     1 |     6 |     7 ||    14
         Whirlwind         |       |     1 |     4 ||     5
         Breathe Lightning |       |       |     8 ||     8
  Evoke: Wand              |     1 |       |       ||     1
    Use: Scroll            |     8 |     2 |       ||    10
         Potion            |       |     1 |     2 ||     3
   Stab: Sleeping          |     8 |     3 |     3 ||    14
         Distracted        |       |       |     1 ||     1
 Armour: Skin              |    36 |   107 |    38 ||   181
  Dodge: Dodged            |    55 |   116 |    31 ||   202
  Block: Other             |    19 |    44 |    10 ||    73
         Reflection        |     2 |       |     2 ||     4

Table legend: (Time is in decaauts)
 A = Elapsed time spent in this place.
 B = Non-inter-level travel time spent in this place.
 C = Inter-level travel time spent in this place.
 D = Time resting spent in this place.
 E = Time spent auto-exploring this place.
 F = Levels seen in this place.
 G = Mean time per level.
                   A        B        C        D        E       F      G
               +--------+--------+--------+--------+--------+-----+--------+
         Total |   6289 |   5989 |    300 |    767 |   4347 |   6 | 1048.2 |
       Dungeon |   6289 |   5989 |    300 |    767 |   4347 |   6 | 1048.2 |
               +--------+--------+--------+--------+--------+-----+--------+

Top non-repeatable levels by time:
     D:5: 2004 daAuts
     D:3: 1330 daAuts
     D:2: 1186 daAuts
     D:4: 1104 daAuts
     D:1: 620 daAuts
     D:6: 42 daAuts
